AoeStats
← 一剑扫秋风nelson

MegaRandom

508606286Analyzed
4v4 RM · 9d ago on Sep 23, 2026· 48m 30s· 8 players
Game mode
Random Map
Map size
Large (8 player)
Population
200
Speed
Normal
Resources
Standard
Victory
Conquest
Starting age
Dark Age
Ending age
Imperial Age
RankedLock teamsTeams togetherTeam positionsShared explorationLock speedFull tech treeHidden civsTurbo modeCheats
Victory
Defeat
1955
+9
🇨🇳 Mongols · China
1868
+13
🇹🇼 Khmer · Taiwan
1788
+16
🇨🇳 Saxons · China
1664
+21
🇻🇳 Mongols · Vietnam
1958
-21
🇹🇷 Franks · Türkiye
1921
-20
🇪🇸 Britons · Spain
1673
-10
🇿🇦 Magyars · South Africa
1614
-8
爱人跟人走
8:05 Feudal Age
8:40 Double-Bit Axe
8:35 Horse Collar
8:52 Loom
15:15 Scale Barding Armor
15:22 Forging
19:04 Bloodlines
20:09 Wheelbarrow
24:03 Castle Age
22:38 Scale Barding Armor
22:46 Gold Mining
25:10 Chain Barding Armor
25:03 Bow Saw
24:53 Heavy Plow
25:16 Husbandry
36:42 Imperial Age
35:28 Gold Shaft Mining
36:22 Hand Cart
36:29 Hand Cart
37:16 Elite Steppe Lancer
41:12 Iron Casting
41:38 Conscription
43:19 Blast Furnace
43:19 Fletching
44:14 Elite Mangudai
44:51 Bodkin Arrow
45:46 Bracer
46:08 Ballistics
46:44 Padded Archer Armor
47:45 Chemistry
47:12 Parthian Tactics
46:53 Thumb Ring
48:20 Leather Archer Armor
FUFU
6:30 Loom
9:19 Feudal Age
8:46 Loom
9:50 Double-Bit Axe
10:21 Horse Collar
15:45 Scale Barding Armor
16:51 Forging
18:59 Padded Archer Armor
21:42 Castle Age
20:08 Gold Mining
22:16 Wheelbarrow
22:01 Bloodlines
22:54 Chain Barding Armor
22:33 Fletching
22:06 Light Cavalry
24:45 Husbandry
25:49 Bow Saw
30:39 Iron Casting
30:16 Heavy Plow
36:06 Gold Shaft Mining
40:55 Imperial Age
39:07 Hand Cart
40:47 Stone Mining
42:12 Plate Barding Armor
41:04 Elite Battle Elephant
44:37 Blast Furnace
46:16 Conscription
46:15 Tusk Swords
47:26 Fletching
48:56 Coinage
49:30 Stone Shaft Mining
一剑扫秋风nelson
5:24 Loom
14:46 Feudal Age
19:58 Castle Age
18:20 Double-Bit Axe
20:15 Fletching
20:54 Bodkin Arrow
23:28 Padded Archer Armor
26:56 Bloodlines
27:48 Husbandry
28:26 Ballistics
33:29 Leather Archer Armor
42:19 Imperial Age
41:36 Wheelbarrow
42:20 Town Watch
43:01 Bracer
45:46 Heavy Mounted Crossbowman
48:04 Chemistry
46:55 Cranequins
48:51 Ring Archer Armor
49:01 Bow Saw
48:34 Horse Collar
赢了就睡觉
6:33 Loom
8:35 Feudal Age
9:43 Double-Bit Axe
11:02 Town Watch
13:44 Fletching
22:52 Castle Age
21:33 Padded Archer Armor
21:33 Gold Mining
22:54 Crossbowman
23:37 Bodkin Arrow
27:10 Ballistics
32:27 Horse Collar
35:02 Guard Tower
36:36 Wheelbarrow
36:37 Stone Mining
40:24 Imperial Age
38:51 Wheelbarrow
38:43 Heavy Plow
40:44 Leather Archer Armor
40:30 Arbalester
41:11 Bracer
42:15 Chemistry
41:31 Thumb Ring
43:10 Ring Archer Armor
44:03 Elite Skirmisher
45:53 Siege Engineers
46:23 Conscription
46:48 Keep
47:14 Arrowslits
47:12 Treadmill Crane
47:43 Masonry
Honda
6:43 Loom
8:56 Feudal Age
9:24 Double-Bit Axe
15:12 Scale Barding Armor
16:21 Forging
22:46 Castle Age
21:05 Gold Mining
23:58 Chain Barding Armor
23:49 Bow Saw
24:38 Husbandry
33:55 Iron Casting
41:21 Imperial Age
41:24 Cavalier
42:47 Plate Barding Armor
43:53 Blast Furnace
42:49 Cavalier
44:18 Paladin
Josu Stark
7:21 Loom
9:20 Feudal Age
10:11 Double-Bit Axe
10:13 Town Watch
11:36 Fletching
15:02 Padded Archer Armor
20:14 Horse Collar
29:01 Castle Age
29:13 Crossbowman
29:51 Bodkin Arrow
35:39 Bow Saw
36:36 Heavy Plow
40:54 Gold Mining
43:39 Wheelbarrow
44:39 Leather Archer Armor
45:25 Ballistics
48:17 Stone Mining
Pielover757
6:50 Loom
9:24 Feudal Age
10:12 Double-Bit Axe
10:50 Horse Collar
18:11 Scale Barding Armor
22:10 Castle Age
21:34 Bloodlines
23:32 Husbandry
25:50 Wheelbarrow
26:14 Chain Barding Armor
25:49 Gold Mining
32:24 Bow Saw
34:53 Town Watch
35:23 Hand Cart
38:03 Stone Mining
39:34 Gold Shaft Mining
42:40 Imperial Age
42:06 Fletching
42:47 Cavalier
45:57 Conscription
saymynameBook
5:54 Loom
7:57 Feudal Age
10:57 Fletching
16:19 Double-Bit Axe
22:35 Castle Age
21:42 Padded Archer Armor
22:38 Crossbowman
23:14 Bodkin Arrow
23:30 Bow Saw
24:35 Ballistics
27:48 Wheelbarrow
27:08 Horse Collar
32:22 Town Watch
32:53 Hand Cart
33:42 Thumb Ring
34:35 Stone Mining
34:36 Gold Mining
39:56 Imperial Age
38:12 Husbandry
38:39 Heavy Plow
38:59 Bloodlines
39:59 Elite Mangudai
41:00 Conscription
40:47 Bracer
42:43 Parthian Tactics
42:35 Leather Archer Armor
44:35 Chemistry
48:01 Masonry
Connection lost

Rejoining the realm…

Still unreachable

The connection could not be restored.

Session expired

The server has moved on; the page needs a fresh start.